 Dungeon Crawl Stone Soup version 0.26-a0-597-gb535b0901c (webtiles) character file.

Game seed: 14411848340808021173

37 vurker the Chiller (level 3, 23/23 HPs)
             Began as an Octopode Ice Elementalist on Sept 11, 2020.
             Quit the game on level 1 of the Dungeon.
             The game lasted 00:01:36 (1471 turns).

vurker the Chiller (Octopode Ice Elementalist)      Turns: 1471, Time: 00:01:36

Health: 23/23      AC:  1    Str:  8    XL:     3   Next: 39%
Magic:  6/6        EV: 13    Int: 17    God:
Gold:   49         SH:  0    Dex: 12    Spells: 6/7 levels left

rFire    . . .     SeeInvis .   e - +0 short sword
rCold    . . .     Faith    .   (no shield)
rNeg     . . .     Spirit   .   (helmet restricted)
rPois    .         Reflect  .   (no amulet)
rElec    .         Harm     .   (no ring)
rCorr    .                      (no ring)
MR       .....                  (no ring)
Stlth    +++.......             (no ring)
HPRegen  0.07/turn              (no ring)
MPRegen  0.10/turn              (no ring)
                                (no ring)
                                (no ring)

@: no status effects
A: almost no armour, stealthy swim, amphibious, 8 rings, constrict 8, camouflage
1, gelatinous body 1
a: no special abilities


You were on level 1 of the Dungeon.
You visited 1 branch of the dungeon, and saw 2 of its levels.

You collected 49 gold pieces.

Inventory:

Hand Weapons
 e - a +0 short sword (weapon)
   (You took it off a kobold on level 1 of the Dungeon)
Jewellery
 d - an uncursed amulet of magic regeneration {unknown}
   (You found it on level 1 of the Dungeon)
Scrolls
 a - a scroll of random uselessness {unknown}
 b - 2 scrolls of identify {unknown}
Potions
 c - a potion of haste {unknown}


   Skills:
 + Level 1.0 Fighting
 - Level 2.0 Dodging
 - Level 2.6 Stealth
 * Level 2.6 Spellcasting
 * Level 4.5 Ice Magic


You had 6 spell levels left.
You knew the following spells:

 Your Spells              Type           Power        Failure   Level
a - Freeze                Ice            ###.         3%          1

Your spell library contained the following spells:

 Spells                   Type           Power        Failure   Level
 Frozen Ramparts          Ice            ###...       9%          3
 Ozocubu's Armour         Ice            ###.....     9%          3
 Hailstorm                Conj/Ice       #.......     58%         4
 Summon Ice Beast         Ice/Summ       #.......     58%         4


Dungeon Overview and Level Annotations

Branches:
Dungeon (2/15)

Altars:


Innate Abilities, Weirdness & Mutations

You cannot wear most types of armour.
You are very stealthy in the water. (Stealth+)
You are amphibious.
You can wear up to eight rings at the same time.
You can use your tentacles to constrict eight enemies at once.
Your skin changes colour to match your surroundings (Stealth+).
Your rubbery body absorbs attacks. (AC +1, EV +1)


Message History

The kobold hits you but does no damage.
You tentacle-slap the kobold. You grab the kobold.
You squeeze the kobold, but do no damage.
You constrict the kobold, but do no damage.
The kobold hits you with a +0 short sword.
You completely miss the kobold.
You constrict the kobold, but do no damage.
The kobold hits you but does no damage.
You tentacle-slap the kobold but do no damage.
You constrict the kobold.
You kill the kobold!
Things that are here:
a +0 short sword; a kobold corpse You see here a dagger.
There is a stone staircase leading down here.
Done exploring.
Done exploring.
Done exploring.
Search for what [? for help]?
Okay, then.
Search for what [? for help]? ego Can't find anything matching that.
Unknown command.
Search for what [Enter for "ego", or ? for help]? weapon
There is a stone staircase leading down here.
There is a stone staircase leading down here.
Things that are here:
a +0 short sword; a kobold corpse
e - a +0 short sword
e - a +0 short sword (weapon)
Done exploring.
Done exploring.
There is a stone staircase leading down here.
You climb downwards.
A hobgoblin comes into view. It is wielding a +0 club.
Found a smoky orange potion.
There is a stone staircase leading up here.
A hobgoblin is nearby!
A worm comes into view.
The hobgoblin shouts!
You hear a shout!
You hit the hobgoblin. Your grab misses the hobgoblin.
The hobgoblin barely misses you.
A goblin comes into view.
You closely miss the hobgoblin. You grab the hobgoblin.
You constrict the hobgoblin.
You kill the hobgoblin!
Unknown command.
There is a stone staircase leading up here.
You climb upwards.
There is a stone staircase leading down here.

#.#.......# #...#.........#
#.#.##.##.# #...########.##
..........# #...# #.# ##
#.#..#..รท)# ##...########)###.
.....#....# #.................
#.........# #.#.##.#####.###..
###).....## #.#.##.#####.###.#
.....###.# #.#.......##...#..
###......# #@#..#.##......###
##############.#..#.#####...###
###.....................#
#.....##.##.##.##.##.##.#
##.....##.#..##.##.##.##.#
#......##.#.###.......##.#
#......##.#.###..#.#####.#
####......##........#.#####.#
#.......####.....##.#.......#


There were no monsters in sight!

Vanquished Creatures
  3 dart slugs (D:1)
  A leopard gecko (D:1)
  A ball python (D:1)
  3 giant cockroaches (D:1)
  4 hobgoblins
  3 jackals (D:1)
  2 kobolds (D:1)
  4 bats (D:1)
  2 frilled lizards (D:1)
  3 goblins (D:1)
  A rat (D:1)
27 creatures vanquished.

Notes
Turn   | Place    | Note
-------+----------+-------------------------------------------
     0 | D:1      | vurker the Octopode Ice Elementalist began the quest for
                  | the Orb.
     0 | D:1      | Reached XP level 1. HP: 11/11 MP: 3/3
   234 | D:1      | Reached XP level 2. HP: 13/18 MP: 0/5
   883 | D:1      | Reached XP level 3. HP: 22/22 MP: 6/6
   949 | D:1      | Reached skill level 1 in Fighting
  1471 | D:1      | Quit the game

Illustrated notes

Levels and vault maps discovered:
D:1:      scummos_arrival_simple_crosswalls, layout_loops_cross
D:2:      layout_loops_ring

Skill      XL: |  1  2  3 |
---------------+----------+-----
Fighting       | 1 |  1.0
Dodging        | |  2.0
Stealth        | |  2.6
Spellcasting   | |  2.6
Ice Magic      | |  4.5

Action                   || total
-------------------------++-------
Melee: Unarmed           ||    69
       Constrict         ||    19
       Tentacles         ||    17
       Short sword       ||     2
 Cast: Freeze            ||    11
 Stab: Sleeping          ||     8
Armor: Skin              ||     7
Dodge: Dodged            ||    53

Table legend: (Time is in decaauts)
 A = Elapsed time spent in this place.
 B = Non-inter-level travel time spent in this place.
 C = Inter-level travel time spent in this place.
 D = Time resting spent in this place.
 E = Time spent auto-exploring this place.
 F = Levels seen in this place.
 G = Mean time per level.
                   A        B        C        D        E       F      G
               +--------+--------+--------+--------+--------+-----+--------+
         Total |   1470 |   1397 |     73 |      0 |   1226 |   2 |  735.0 |
       Dungeon |   1470 |   1397 |     73 |      0 |   1226 |   2 |  735.0 |
               +--------+--------+--------+--------+--------+-----+--------+

Top non-repeatable levels by time:
     D:1: 1463 daAuts
     D:2: 7 daAuts
